 Dungeon Crawl Stone Soup version 0.18-a0-1121-gb454403 (webtiles) character file.

34 Chiseanne the Gusty (level 3, 0/28 HPs)
             Began as a Centaur Air Elementalist on Jan 18, 2016.
             Shot with a stone by a goblin (2 damage)
             ... on level 2 of the Dungeon.
             The game lasted 00:02:11 (1522 turns).

Chiseanne the Gusty (Centaur Air Elementalist)      Turns: 1522, Time: 00:02:11

Health: 0/28       AC:  5    Str: 10    XL:     3   Next: 14%
Magic:  3/5        EV:  8    Int: 15    God:
Gold:   35         SH:  0    Dex:  9    Spells: 1 memorised, 4 levels left

rFire  . . .     SeeInvis .     d - +0 dagger
rCold  . . .     Gourm    .     e - +0 ring mail
rNeg   . . .     Faith    .     (no shield)
rPois  .         Spirit   .     (no helmet)
rElec  .         Dismiss  .     (no cloak)
rCorr  .         Reflect  .     (no gloves)
SustAt .         Harm     .     (no barding)
MR     .....                    (no amulet)
Stlth  ..........               (no ring)
                                (no ring)

@: very quick, not resistant to hostile enchantments, extremely unstealthy
A: hooves 3, deformed body, speed 2, tough skin 3
a: no special abilities


You were on level 2 of the Dungeon.
You were not hungry.

You visited 1 branch of the dungeon, and saw 2 of its levels.

You collected 35 gold pieces.

Inventory:

Hand Weapons
 d - a +0 dagger (weapon)
Missiles
 a - 3 needles of frenzy
 f - 18 arrows
 i - 23 sling bullets
 n - 11 poisoned needles
Armour
 e - a +0 ring mail (worn)
Potions
 k - a potion of flight {unknown}
Books
 b - a book of Air

   Spells                             Type                      Level
   a - Shock                          Conjuration/Air              1
   b - Swiftness                      Charms/Air                   2
   c - Repel Missiles                 Charms/Air                   2
   d - Static Discharge               Conjuration/Air              3
   e - Lightning Bolt                 Conjuration/Air              5
Comestibles
 c - a bread ration
 h - a meat ration
 m - a royal jelly


   Skills:
 * Level 1.2 Fighting
 * Level 1.2 Armour
 * Level 1.9 Dodging
 - Level 1.2 Stealth
 - Level 1.5 Spellcasting
 - Level 0.8 Conjurations
 - Level 2.6 Air Magic


You had 4 spell levels left.
You knew the following spells:

 Your Spells              Type           Power        Failure   Level  Hunger
a - Shock                 Conj/Air       #...         30%         1    ##.....


Dungeon Overview and Level Annotations

Branches:
Dungeon (2/15)

Altars:


Innate Abilities, Weirdness & Mutations

You have hooves in place of feet.
Armour fits poorly on your strangely shaped body.
You cover ground very quickly.
You have extremely tough skin (AC +3).


Message History

The goblin shoots a stone.
The stone hits you.
* * * LOW HITPOINT WARNING * * *
You hit the goblin.
You kill the goblin!
The goblin shoots a stone.
The stone completely misses you.
Casting: Shock
Confirm with . or Enter, or press ? or * to list all spells.
Aiming: Shock
Press: ? - help, Shift-Dir - straight line, f - goblin
Aim: a goblin, wielding a hunting sling The zap hits the goblin.
The goblin is severely wounded.
The goblin shoots a stone.
The stone barely misses you.
Casting: Shock
Confirm with . or Enter, or press ? or * to list all spells.
Aiming: Shock
Press: ? - help, Shift-Dir - straight line, f/p - goblin
Aim: a goblin, wielding a hunting sling (severely wounded)
The zap misses the goblin.
The goblin shoots a stone.
The stone hits you.
You die...

....... ......... .
..##....## ...
...#....(######...#
.........)((<.....#
...........####.#..#
..g......(#####.
.........(......#
.......@..####...
......)..(#
..........#
.......(.##
........## .....##.#
...#. #.# ..... #..


You could see a goblin.

Vanquished Creatures
  An ooze (D:1)
  A giant gecko (D:1)
  A ball python (D:1)
  7 goblins
  A hobgoblin (D:2)
  8 bats
  A giant newt (D:1)
  4 kobolds (D:1)
  4 rats
28 creatures vanquished.

Notes
Turn   | Place    | Note
--------------------------------------------------------------
     0 | D:1      | Chiseanne the Centaur Air Elementalist began the quest for the Orb.
     0 | D:1      | Reached XP level 1. HP: 14/14 MP: 3/3
   309 | D:1      | Reached skill level 1 in Fighting
   354 | D:1      | Reached XP level 2. HP: 21/23 MP: 4/4
   618 | D:1      | Reached skill level 1 in Armour
  1244 | D:1      | Reached XP level 3. HP: 4/28 MP: 5/5
  1522 | D:2      | Shot with a stone by a goblin

Vault maps used:
D:1:      dpeg_arrival_stone_temple_mockup
D:2:      lemuel_crystal_altar, uniq_terence, uniq_crazy_yiuf_cottage,
          uniq_robin

Action                   || total
-------------------------++-------
Melee: Dagger            ||   113
       Unarmed           ||     8
 Cast: Shock             ||     9
  Use: Scroll            ||     3
  Eat: Chunk             ||     2
